Map: Eternal Empire LE

Players

soul

  • Race: Terran Terran
  • League: Grandmaster
  • Spawn Location: 7:00

LiquidMaNa (MaNa) - Winner!

  • Race: Protoss Protoss
  • League: Grandmaster
  • Spawn Location: 1:00

Event: DreamHack SC2 Masters 2020 Fall

VOD

Have the link to the VOD?

Description

Time

  • Played on: Sept. 3, 2020, 2:22 p.m.
  • Length: 9:54

All games in this series

Show
View Real Time Build Order
Export as new Build Order

soul Terran 

Build Orders: Reaper Expand 

Get SALT Encoding   

  12  0:00  SCV  
  13  0:13  SCV  
  14  0:17  Supply Depot  
  14  0:25  SCV  
  15  0:38  SCV  
  15  0:40  Barracks  
  16  0:44  Refinery  
  16  0:50  SCV  
  17  1:03  SCV  
  18  1:15  SCV  
  19  1:29  Orbital Command, Reaper  
  20  1:45  Command Center  
  20  1:55  SCV, Supply Depot  
  20  2:01  Marine  
  22  2:10  SCV  
  22  2:12  Factory  
  23  2:16  Refinery  
  23  2:22  SCV, Barracks Reactor  
  24  2:26  Bunker  
  24  2:37  SCV  
  25  2:49  SCV  
  26  2:56  Starport  
  26  2:58  Orbital Command  
  26  3:00  Marine  
  26  3:01  SCV, Marine  
  26  3:05  Orbital Command  
  29  3:06  Widow Mine  
  31  3:13  SCV  
  31  3:18  Marine  
  32  3:20  Marine  
  32  3:25  SCV  
  33  3:31  SCV  
  33  3:35  Factory Tech Lab  
  33  3:36  Marine  
  33  3:37  SCV  
  33  3:38  Starport Tech Lab, Marine  
  36  3:43  SCV  
  37  3:49  SCV  
  37  3:54  Marine  
  38  3:55  SCV  
  38  3:56  Cyclone  
  38  4:02  SCV  
  43  4:04  Viking  
  43  4:05  Marine  
  43  4:07  SCV  
  46  4:13  Marine  
  46  4:15  SCV  
  46  4:18  Supply Depot  
  46  4:21  SCV  
  46  4:27  Supply Depot  
  46  4:32  Supply Depot  
  46  4:39  Marine  
  46  4:40  SCV x2, Cyclone  
  52  4:52  SCV x2, Supply Depot  
  57  4:56  Marine  
  58  5:01  Viking  
  58  5:04  SCV  
  58  5:05  Command Center  
  58  5:08  SCV  
  58  5:12  Marine  
  58  5:13  Marine  
  61  5:16  SCV  
  61  5:20  SCV  
  63  5:23  Siege Tank  
  63  5:28  SCV  
  67  5:30  Refinery, Marine  
  67  5:31  Raven  
  67  5:32  SCV  
  71  5:36  Barracks  
  71  5:39  Barracks  
  71  5:40  SCV  
  72  5:44  SCV  
  72  5:48  Armory  
  73  5:51  Refinery, Marine  
  73  5:52  SCV, Marine  
  73  5:55  Supply Depot  
  73  5:56  SCV  
  77  5:59  Supply Depot  
  77  6:08  Engineering Bay  
  77  6:09  Engineering Bay  
  77  6:10  SCV  
  78  6:17  SCV  
  78  6:18  Orbital Command  
  79  6:22  SCV  
  79  6:23  Marine  
  79  6:24  Marine  
  82  6:28  Factory Tech Lab  
  82  6:29  Starport Reactor  
  82  6:30  SCV  
  83  6:34  Supply Depot  
  83  6:35  Combat Shield  
  83  6:36  Stimpack  
  83  6:38  Terran Infantry Weapons Level 1  
  83  6:40  Terran Infantry Armor Level 1  
  83  6:41  Orbital Command  
  83  6:43  Marauder  
  87  6:47  Marauder, Marine x2  
  87  6:49  Drilling Claws  
  87  6:53  SCV, Widow Mine  
  92  6:56  SCV  
  92  6:59  Supply Depot  
  92  7:00  Supply Depot  
  93  7:05  SCV  
  93  7:07  SCV  
  93  7:08  SCV  
  96  7:09  Medivac x2  
  96  7:14  Widow Mine  
  102  7:18  SCV  
  102  7:19  SCV  
  102  7:20  SCV  
  105  7:27  Command Center  
  105  7:29  Bunker  
  105  7:30  SCV  
  105  7:31  SCV  
  105  7:32  SCV  
  108  7:40  Medivac x2  
  108  7:41  Barracks  
  108  7:42  Barracks, SCV  
  108  7:43  SCV  
  113  7:45  SCV  
  113  7:46  Marauder, Marine  
  113  7:48  Widow Mine  
  119  7:52  Refinery x2, Marauder, Marine  
  119  7:54  SCV  
  119  7:57  SCV  
  124  8:01  Ghost Academy  
  124  8:02  SCV  
  124  8:04  Marine  
  126  8:08  Marauder  
  126  8:10  Medivac x2  
  126  8:12  Marine  
  133  8:22  Fusion Core  
  133  8:25  Starport  
  133  8:26  Supply Depot  
  133  8:27  Supply Depot  
  133  8:35  Barracks Tech Lab, Barracks Reactor  
  133  8:38  SCV, Marine  
  133  8:39  Marauder x2  
  133  8:40  SCV  
  140  8:44  Marine  
  140  8:45  SCV  
  130  8:56  Marauder, Marine  
  130  9:00  Marauder x2  
  130  9:02  Viking x3, Marine  
  133  9:14  Marine x2  
  133  9:15  Marine  
  125  9:17  Marauder  
  125  9:19  Marine  
  125  9:21  Marauder x2  
  98  9:31  SCV x2, Marine  
  98  9:32  Marine  
  98  9:33  Marine  
Show
View Real Time Build Order
Export as new Build Order

LiquidMaNa Protoss - Winner!

Build Orders: 1 Gate Expand, Oracle Opening, Phoenix Opening 

Get SALT Encoding   

  12  0:00  Probe  
  13  0:12  Probe  
  14  0:17  Pylon  
  14  0:24  Probe (Chrono Boost)  
  15  0:36  Gateway, Probe (Chrono Boost)  
  16  0:43  Assimilator  
  16  0:45  Probe (Chrono Boost)  
  17  0:53  Probe  
  18  1:05  Probe  
  19  1:17  Probe  
  20  1:23  Nexus  
  20  1:34  Cybernetics Core  
  20  1:37  Probe  
  21  1:44  Assimilator  
  21  1:49  Probe  
  22  1:54  Pylon  
  22  2:02  Probe  
  23  2:10  Adept (Chrono Boost)  
  23  2:14  Probe  
  26  2:17  Stargate  
  26  2:26  Probe  
  27  2:30  Stalker (Chrono Boost)  
  27  2:36  Probe  
  30  2:38  Probe  
  30  2:40  Warp Gate  
  31  2:48  Probe  
  31  2:50  Probe  
  33  2:58  Gateway  
  33  3:00  Probe  
  33  3:01  Oracle (Chrono Boost)  
  37  3:07  Probe  
  37  3:12  Probe  
  38  3:23  Probe  
  38  3:24  Probe  
  40  3:32  Phoenix  
  42  3:35  Probe  
  42  3:36  Probe  
  44  3:48  Probe x2  
  46  4:00  Probe x2  
  46  4:02  Nexus  
  46  4:10  Pylon  
  46  4:21  Pylon  
  46  4:27  Robotics Facility  
  46  4:28  Phoenix, Probe x2 (Chrono Boost)  
  46  4:30  Assimilator, Sentry, Zealot  
  54  4:33  Pylon  
  54  4:37  Assimilator  
  54  4:38  Pylon  
  54  4:41  Probe x2 (Chrono Boost)  
  56  4:46  Pylon, Probe x2 (Chrono Boost)  
  58  4:53  Phoenix  
  58  4:56  Probe  
  58  4:57  Zealot, Stalker  
  58  4:59  Probe  
  66  5:05  Shield Battery  
  66  5:08  Probe  
  66  5:11  Probe (Chrono Boost)  
  69  5:14  Observer  
  69  5:16  Robotics Bay, Probe (Chrono Boost)  
  69  5:20  Probe (Chrono Boost)  
  71  5:23  Probe (Chrono Boost)  
  71  5:27  Forge  
  73  5:28  Probe (Chrono Boost)  
  73  5:31  Probe (Chrono Boost)  
  73  5:32  Probe (Chrono Boost)  
  73  5:34  Probe (Chrono Boost)  
  76  5:36  Probe (Chrono Boost)  
  76  5:37  Probe  
  76  5:38  Immortal (Chrono Boost)  
  76  5:42  Probe  
  82  5:46  Sentry, Probe  
  82  5:49  Probe  
  87  5:53  Pylon  
  87  5:54  Probe  
  88  5:58  Probe  
  88  6:00  Protoss Ground Weapons Level 1 (Chrono Boost)  
  88  6:02  Probe  
  90  6:06  Colossus (Chrono Boost)  
  90  6:07  Probe  
  90  6:09  Assimilator  
  90  6:11  Observer, Probe  
  98  6:12  Gateway  
  98  6:14  Probe  
  98  6:15  Gateway  
  99  6:19  Gateway  
  99  6:25  Gateway, Pylon  
  99  6:31  Probe  
  99  6:32  Assimilator  
  100  6:35  Probe  
  100  6:38  Observer  
  100  6:39  Shield Battery  
  101  6:40  Pylon  
  101  6:43  Extended Thermal Lance (Chrono Boost)  
  101  6:46  Twilight Council  
  101  6:47  Colossus (Chrono Boost)  
  107  6:54  Photon Cannon  
  107  6:59  Pylon  
  107  7:02  Probe x2  
  107  7:03  Probe, Photon Cannon  
  110  7:09  Gateway x2  
  110  7:18  Nexus, Pylon  
  110  7:20  Charge (Chrono Boost)  
  110  7:22  Templar Archives  
  110  7:25  Warp Prism (Chrono Boost)  
  112  7:43  Zealot x2  
  116  7:44  Pylon  
  116  7:45  Zealot x3  
  116  7:46  Zealot  
  116  7:49  Phoenix  
  116  7:51  Pylon  
  124  7:58  Pylon  
  124  8:07  High Templar x6  
  124  8:08  Zealot x2  
  124  8:11  Archon x3  
  140  8:31  Probe x3  
  140  8:32  Pylon, Probe  
  140  8:33  Pylon  
  144  8:37  Photon Cannon  
  144  8:40  Zealot x8  
  141  9:07  Stalker x7  
  141  9:08  Stalker  
  109  9:34  Zealot x8  
  119  9:39  Probe  

Tags
 
Add a new tag
Caveats
  • Supply blocks, unpowered buildings, or Contaminate may cause inaccurate times.
  • Supply counts are checked every 10 seconds.